 Dungeon Crawl Stone Soup version 0.27-a0-1416-g941b2bd30b (webtiles) character file.

Game seed: 15911318958499384509

65373 lmSkywalker the Spear-Bearer (level 15, -16/114 (120) HPs)
             Began as a Merfolk Gladiator on July 1, 2021.
             Was the Champion of Lugonu.
             Demolished by a death scarab (25 damage)
             ... summoned by a boggart
             ... in a Gauntlet on July 2, 2021.
             The game lasted 02:42:37 (25465 turns).

lmSkywalker the Spear-Bearer (Merfolk Gladiator)   Turns: 25465, Time: 02:42:37

HP:   -16/114 (120) AC: 17    Str: 15    XL:     15   Next: 16%
MP:   20/22         EV: 19    Int: 13    God:    Lugonu [******]
Gold: 1083          SH: 13    Dex: 19    Spells: 18/22 levels left

rFire    + . .     SeeInvis .   a - +8 demon trident (distort)
rCold    + . .     Faith    .   H - +2 buckler
rNeg     . . .     Spirit   .   J - +3 ring mail {rF+}
rPois    .         Reflect  +   c - +0 helmet
rElec    .         Harm     .   t - +0 cloak
rCorr    .         Rampage  .   M - +1 pair of gloves {Stlth+}
Will     +++..     NoTele   +   G - +2 pair of boots of Litrex {rC+ Will+ Regen+}
Stlth    +++.......             F - amulet "Daaturam" {Reflect +Blink +Inv Regen+ Dex-3 SH+5}
HPRegen  2.29/turn              s - ring of willpower
MPRegen  0.18/turn              m - +6 ring of dexterity

@: slowed, studying 2 skills, drained, very slow
A: (nimble swimmer 2), mertail
a: Renounce Religion, Evoke Blink, Evoke Invisibility, Depart the Abyss, Bend
Space, Banish, Corrupt, Enter the Abyss


You were in a Gauntlet.
You worshipped Lugonu.
Lugonu was exalted by your worship.
You visited 3 branches of the dungeon, and saw 19 of its levels.
You also visited: Bailey, Gauntlet and Ice Cave.

You collected 1248 gold pieces.
You spent 165 gold pieces at shops.

Inventory:

Hand Weapons
 a - a +8 demon trident of distortion (weapon)
 b - a +3 halberd of flaming
Missiles
 q - 12 silver javelins (quivered)
 B - 53 boomerangs
 Y - 4 curare-tipped darts
 Z - 7 boomerangs of dispersal
Armour
 c - a +0 helmet (worn)
 t - a +0 cloak (worn)
 G - the +2 pair of boots of Litrex (worn) {rC+ Will+ Regen+}
   (You acquired it on level 7 of the Dungeon)

   rC:        It protects you from cold.
   Regen:     It increases your rate of health regeneration.
   Will:      It increases your willpower.
 H - a +2 buckler (worn)
 J - a +3 ring mail of fire resistance (worn)
 M - a +1 pair of gloves of stealth (worn)
 R - the +2 leather armour of Fashionability {rElec rPois Will+++ MP-9}
   (You found it on level 3 of the Lair of Beasts)

   rElec:     It insulates you from electricity.
   rPois:     It protects you from poison.
   MP:        It affects your magic capacity (-9).
   Will:      It greatly increases your willpower.
Jewellery
 l - a ring of protection from cold
 m - a +6 ring of dexterity (right hand)
 s - a ring of willpower (left hand)
 F - the amulet "Daaturam" (around neck) {Reflect +Blink +Inv Regen+ Dex-3 SH+5}
   (You acquired it on level 7 of the Dungeon)

   [amulet of reflection]

   It reflects blocked missile attacks.
   Dex:       It affects your dexterity (-3).
   +Inv:      It lets you turn invisible.
   +Blink:    It lets you blink.
   Regen:     It increases your rate of health regeneration.
   SH:        It affects your SH (+5).
 K - a ring of resist corrosion
 S - a ring of poison resistance
 W - a ring of wizardry
Wands
 d - a wand of mindburst (13)
 i - a wand of digging (8)
 p - a wand of iceblast (21)
 E - a wand of polymorph (8)
 O - a wand of acid (9)
 U - a wand of paralysis (11)
Scrolls
 f - 2 scrolls of silence
 g - 3 scrolls of magic mapping
 h - 3 scrolls of immolation
 r - 2 scrolls of summoning
 v - a scroll of blinking
 w - a scroll of holy word
 y - 3 scrolls of teleportation
 L - 2 scrolls of fear
 V - 2 scrolls of identify
Potions
 e - a potion of ambrosia
 j - 4 potions of curing
 k - 4 potions of might
 n - 3 potions of haste
 o - 2 potions of heal wounds
 u - 4 potions of attraction
 x - 2 potions of lignification
 z - a potion of magic
 A - 2 potions of mutation
 C - 2 potions of invisibility {unknown}
 D - 5 potions of resistance
 I - a potion of cancellation
 N - 3 potions of flight
 Q - a potion of brilliance
 T - a potion of berserk rage
Miscellaneous
 X - a lightning rod (4/4)


   Skills:
 + Level 11.8 Fighting
 - Level 14.0 Polearms
 + Level 9.7 Throwing
 + Level 7.2 Armour
 + Level 13.4 Dodging
 - Level 4.4 Stealth
 - Level 4.0 Shields
 - Level 4.0 Spellcasting
 - Level 4.5 Hexes
 + Level 8.2 Summonings
 + Level 9.3 Invocations
 - Level 5.0 Evocations


You had 18 spell levels left.
You knew the following spells:

 Your Spells              Type           Power      Damage    Failure   Level
a - Summon Small Mammal   Summ           92%        N/A       1%          1
b - Tukima's Dance        Hex            14%        N/A       17%         3

Your spell library contained the following spells:

 Spells                   Type           Power      Damage    Failure   Level
 Corona                   Hex            15%        N/A       6%          1
 Ensorcelled Hibernation  Hex/Ice        16%        N/A       22%         2
 Animate Skeleton         Necr           4%         N/A       36%         1
 Apportation              Tloc           4%         N/A       36%         1
 Sting                    Tmut/Pois      8%         1d3       36%         1
 Corpse Rot               Necr/Air       N/A        N/A       50%         2
 Poisonous Vapours        Pois/Air       4%         N/A       50%         2
 Summon Mana Viper        Hex/Summ       19%        N/A       58%         5
 Gell's Gravitas          Tloc           1%         N/A       73%         3
 Ignite Poison            Fire/Tmut/Pois 2%         N/A       73%         3
 Mephitic Cloud           Conj/Pois/Air  2%         N/A       73%         3
 Spider Form              Tmut/Pois      1%         N/A       73%         3
 Teleport Other           Tloc           2%         N/A       73%         3
 Fulminant Prism          Conj/Hex       4%         3d6       82%         4
 Summon Forest            Summ/Tloc      6%         N/A       88%         5
 Shadow Creatures         Summ           N/A        N/A       89%         6
 Iskenderun's Mystic Bla  Conj/Tloc      2%         2d3       98%         4
 Olgreb's Toxic Radiance  Pois           2%         N/A       98%         4
 Sticky Flame             Conj/Fire      2%         2d3       98%         4
 Alistair's Intoxication  Tmut/Pois      1%         N/A       100%        5
 Bolt of Magma            Conj/Fire/Erth 1%         4d4       100%        5
 Borgnjor's Vile Clutch   Necr/Erth      1%         N/A       100%        5
 Iskenderun's Battlesphe  Conj           2%         2d6       100%        5
 Lee's Rapid Deconstruct  Erth           1%         3d5*      100%        5
 Dispersal                Tloc           1%         N/A       100%        6
 Eringya's Noxious Bog    Tmut/Pois      1%         N/A       100%        6
 Iron Shot                Conj/Erth      1%         9d1       100%        6
 Orb of Destruction       Conj           1%         N/A       100%        7
 Spellforged Servitor     Conj/Summ      6%         N/A       100%        7
 Summon Hydra             Summ           11%        N/A       100%        7
 Shatter                  Erth           1%         3d5*      100%        9


Dungeon Overview and Level Annotations

Branches:
Dungeon (13/15)            Temple (0/1) D:4            Lair (5/6) D:9
 Shoals (0/4) Lair:2        Snake (0/4) Lair:4        Slime (0/5) Lair:5
    Orc (1/2) D:9          Bailey (visited)           IceCv (visited)
Gauntlet (1/1)
 Vaults: D:13-14

Altars:
Elyvilon
Fedhas
Hepliaklqana
Kikubaaqudgha
Makhleb
Nemelex Xobeh
Okawaru
Sif Muna
Trog
Xom
The Shining One
Lugonu

Shops:
D:3 [=[   D:4 [   D:7 [   D:8 (

Portals:
Trove: D:11 (lose all piety)

Annotations:
D:3 1 runed translucent door, vexzain's ghost, amateur OpTm
D:4 2 transporters, LeiaKenobi's ghost, amateur MiFi
D:7 1 runed translucent door, Crazy Yiuf; Dowan; Duvessa; Prince Ribbit Gauntlet 10 transporters, 21 runed translucent doors, exclusion: oklob plant


Innate Abilities, Weirdness & Mutations

((You are quick and stealthy near water. (Stealth+, EV+, Speed+++)))
Your lower body shifts to a powerful aquatic tail in water.


Message History

The death scarab is lightly damaged.
The death scarab bites you!
* * * LOW HITPOINT WARNING * * *
The death scarab drains your vigour!
You feel as though you will be slow longer.
The death scarab draws strength from your injuries!
You block the death scarab's attack. The death scarab misses you.
Press: ? - help, v - describe, . - travel
Here: a death scarab (heavily damaged, summoned)
The floor.
Press: ? - help, v - describe, . - travel The floor, spattered with blood.
You feel much better. You block the death scarab's attack.
The death scarab barely misses you. You block the death scarab's attack.
The death scarab bites you!!
* * * LOW HITPOINT WARNING * * *
The death scarab draws strength from your injuries!
The death scarab bites you!
* * * LOW HITPOINT WARNING * * *
The death scarab draws strength from your injuries!
The death scarab misses you. The death scarab barely misses you.
The death scarab closely misses you. You block the death scarab's attack.
The death scarab bites you!
* * * LOW HITPOINT WARNING * * *
The death scarab draws strength from your injuries!
You block the death scarab's attack.
There is a transporter here.
Space bends sharply around you!
The death scarab blinks!
You blink.
You block the death scarab's attack.
The death scarab bites you but does no damage.
Space bends sharply around you!
The death scarab blinks!
You blink.
The death scarab barely misses you. The death scarab bites you!
* * * LOW HITPOINT WARNING * * *
The death scarab drains your vigour!
You feel as though you will be slow longer.
The death scarab draws strength from your injuries!
The death scarab bites you but does no damage.
The death scarab barely misses you. The death scarab bites you!!
You die...

.≈.............≈....#.©.#.....#
§8≈...........§8≈...#...#.8...###
§≈.............≈....#.©.#.....#8#
§..###########...###########..###
...#..B.©"..D#.8.##.......##..#
...#.#.....#.#...#.#.....#.#..###
...#.##..B##B#####h.#...#.?#..#8#
...#.§#####^B#§..#h..#.#...#..###
...#....©...B#§B@#h..©#...©#..#
...#.^##^##^.#.B.#hh.#.#...#..###
...#.##...##.#####h.#...#.:#..#8#
.∩.#^#....§#^#...#.#.....#.#..###
...#..§§..(..#.8.##.......##..#
...###########...###########..###
........©.....................#8#
≈∩≈..........................≈###
###############################


You could see 5 death scarabs, a steam dragon (summoned) and 6 wolves.

Vanquished Creatures
  A frost giant (IceCv)
  6 boulder beetles
  Harold (D:8)
  Erolcha (D:12)
  Fannar (D:11)
  8 hydras
  4 two-headed ogres
  Urug (D:11)
  7 death yaks
  Sonja (Lair:2)
  Nergalle (Lair:3)
  3 deep elf pyromancers
  A deep elf zephyrmancer (D:11)
  A worldbinder (Gauntlet)
  5 centaur zombies
  14 elephants
  An ice statue (IceCv)
  7 black mambas
  A gargoyle (D:12)
  A merfolk siren (Lair:2)
  7 cane toads
  6 rime drakes
  8 komodo dragons
  2 trolls
  15 polar bears
  A hornet (D:9)
  3 merfolk (Lair:2)
  7 dream sheep (Lair:4)
  2 blink frogs (Lair:2)
  A wraith (D:13)
  A shadow (D:12)
  32 yaks
  Grum (D:11)
  3 wyverns
  4 basilisks
  A steam dragon (D:9)
  12 vampire mosquitoes
  4 wargs (D:9)
  An acid dragon (D:8)
  11 water moccasins
  9 ice beasts
  A sky beast (D:8)
  6 black bears
  A necrophage (D:6)
  7 orc warriors
  An ogre (D:5)
  48 wolves
  10 centaurs
  2 phantoms
  11 bullfrogs
  A wyvern zombie (D:8)
  4 scorpions
  A water moccasin zombie (D:6)
  2 water moccasin skeletons
  A wyvern skeleton (D:6)
  5 killer bees (D:10)
  3 electric eels
  6 howler monkeys
  A lava snake (Lair:4)
  A bullfrog zombie (D:7)
  3 hounds
  2 jellies
  6 orc priests
  4 orc wizards
  2 iguanas
  A killer bee zombie (D:7)
  A howler monkey zombie (D:9)
  4 gnolls
  4 adders
  A shadow imp (D:6)
  An adder skeleton (D:4)
  3 worms
  6 dart slugs
  22 orcs
  3 bats
  5 endoplasms
  2 giant cockroaches
  8 hobgoblins
  4 jackals
  6 quokkas
  6 ball pythons
  A frilled lizard (D:1)
  11 goblins
  20 kobolds
  6 rats
441 creatures vanquished.

Vanquished Creatures (collateral kills)
  An orc warlord (Bailey)
  A catoblepas (Lair:2)
  A yak (D:12)
  An orc warrior (Bailey)
  A wolf (IceCv)
5 creatures vanquished.

Vanquished Creatures (others)
  A wizard (D:11)
  A dancing weapon (D:12)
  23 demonic plants (Gauntlet)
  33 fungi
  78 plants
  2 withered plants (D:3)
138 creatures vanquished.

Grand Total: 584 creatures vanquished

Notes
Turn   | Place    | Note
-------+----------+-------------------------------------------
     0 | D:1      | lmSkywalker the Merfolk Gladiator began the quest for the
                  | Orb.
     0 | D:1      | Reached XP level 1. HP: 16/16 MP: 1/1
   303 | D:1      | Reached XP level 2. HP: 19/23 MP: 2/2
   392 | D:1      | Reached skill level 1 in Stealth
   937 | D:1      | Reached XP level 3. HP: 26/28 MP: 3/3
  1350 | D:1      | Reached skill level 5 in Polearms
  1933 | D:2      | Reached XP level 4. HP: 35/35 MP: 4/4
  2083 | D:2      | Found a faded altar of an unknown god.
  2093 | D:2      | Became a worshipper of Lugonu the Unformed
  2093 | D:2      | Reached * piety under Lugonu
  2093 | D:2      | Reached ** piety under Lugonu
  2127 | D:3      | Found Miq Koig's Antique Armour Emporium.
  2472 | D:3      | Found Ecsoson's Armour Shop.
  2523 | D:3      | Found a runed translucent door.
  2525 | D:3      | Noticed vexzain's ghost (amateur OpTm)
  2617 | D:3      | Found Fuar's Jewellery Shop.
  2828 | D:4      | Noticed LeiaKenobi's ghost (amateur MiFi)
  2831 | D:4      | Found a transporter.
  2841 | D:4      | Found a transporter.
  2895 | D:4      | Found a staircase to the Ecumenical Temple.
  2920 | D:4      | Noticed a scorpion
  3070 | D:4      | Found Boxziax's Armour Emporium.
  3447 | D:4      | Found a burning altar of Makhleb.
  3558 | D:5      | Entered Level 5 of the Dungeon
  3620 | D:5      | Reached skill level 5 in Dodging
  3620 | D:5      | Reached skill level 1 in Invocations
  3793 | D:5      | Noticed a black bear
  3835 | D:4      | Reached XP level 5. HP: 24/41 MP: 5/5
  4317 | D:5      | Reached XP level 6. HP: 45/48 MP: 7/7
  4398 | D:5      | Noticed a black bear
  4544 | D:5      | Reached skill level 6 in Polearms
  4808 | D:5      | Learned a level 1 spell: Summon Small Mammal
  4812 | D:5      | Learned a level 3 spell: Tukima's Dance
  5221 | D:6      | Reached XP level 7. HP: 43/54 MP: 8/8
  5645 | D:6      | Reached skill level 1 in Summonings
  5974 | D:6      | Reached skill level 1 in Spellcasting
  6369 | D:6      | Reached skill level 1 in Armour
  6497 | D:6      | Reached XP level 8. HP: 57/61 MP: 10/10
  6900 | D:6      | Reached skill level 7 in Polearms
  7020 | D:4      | Found Boxziax's Armour Emporium.
  7078 | D:4      | Found a staircase to the Ecumenical Temple.
  7144 | D:4      | Found a burning altar of Makhleb.
  7269 | D:4      | Found a transporter.
  7273 | D:4      | Found a transporter.
  7585 | D:7      | Noticed Prince Ribbit
  7915 | D:7      | Noticed Duvessa
  7915 | D:7      | Noticed Dowan
  8029 | D:7      | Found a bloodstained altar of Trog.
  8029 | D:7      | Found a sparkling altar of Nemelex Xobeh.
  8029 | D:7      | Found an ancient bone altar of Kikubaaqudgha.
  8087 | D:7      | Found a runed translucent door.
  8088 | D:7      | Noticed Crazy Yiuf
  8136 | D:7      | Found a flagged portal.
  8151 | Bailey   | Entered a bailey
  8223 | Bailey   | Noticed an orc warlord
  8322 | Bailey   | Reached *** piety under Lugonu
  8426 | Bailey   | Found a runed translucent gate.
  8428 | Bailey   | Found a runed translucent gate.
  8469 | Bailey   | Reached skill level 5 in Fighting
  8555 | Bailey   | Found a runed translucent gate.
  8639 | Bailey   | Identified a scroll of acquirement
  9096 | Bailey   | Killed an orc warlord
  9097 | Bailey   | Reached skill level 1 in Hexes
  9097 | Bailey   | Reached XP level 9. HP: 68/68 MP: 11/13
  9130 | D:7      | Acquired the amulet "Daaturam" {Reflect +Blink +Inv Regen+
                  | Dex-3 SH+5}
  9132 | D:7      | Acquired a +2 halberd of flaming
  9133 | D:7      | Acquired the +2 pair of boots of Litrex {rC+ Will+ Regen+}
  9149 | D:7      | Found Eviaf's Antique Armour Shoppe.
  9175 | D:7      | Noticed a boulder beetle
  9348 | D:7      | Found a hazy altar of Hepliaklqana.
  9365 | D:7      | Reached skill level 8 in Polearms
  9934 | D:7      | Noticed a death knight
  9935 | D:7      | Noticed a green ugly thing
  9944 | D:7      | Noticed a troll
 10062 | D:6      | Killed a boulder beetle
 10063 | D:6      | Reached skill level 5 in Invocations
 10063 | D:6      | Reached skill level 1 in Evocations
 10063 | D:6      | Reached XP level 10. HP: 76/76 MP: 7/14
 10386 | D:8      | Found Biugoad's Antique Weapon Shoppe.
 10468 | D:8      | Reached skill level 9 in Polearms
 10485 | D:8      | Noticed a boulder beetle
 10571 | D:8      | Killed a boulder beetle
 10804 | D:8      | Noticed Harold
 11321 | D:8      | Killed Harold
 11384 | D:8      | Reached skill level 5 in Throwing
 11610 | D:9      | Reached XP level 11. HP: 68/84 MP: 15/15
 11891 | D:9      | Found a staircase to the Orcish Mines.
 11942 | D:9      | Found a glowing golden altar of the Shining One.
 11978 | D:9      | Noticed a two-headed ogre
 12029 | D:9      | Killed a two-headed ogre
 12030 | D:9      | Reached skill level 10 in Polearms
 12127 | D:9      | Found a staircase to the Lair.
 12234 | D:9      | Noticed a two-headed ogre
 12247 | D:9      | Killed a two-headed ogre
 12277 | D:9      | Acquired a +2 demon trident of draining
 12634 | D:3      | Bought a +1 pair of gloves of stealth for 165 gold pieces
 12953 | D:10     | Entered Level 10 of the Dungeon
 13054 | Orc:1    | Entered Level 1 of the Orcish Mines
 13165 | D:10     | Found a white marble altar of Elyvilon.
 13910 | D:10     | Found a blossoming altar of Fedhas.
 13913 | D:10     | Found an iron altar of Okawaru.
 13918 | D:10     | Found a shimmering blue altar of Sif Muna.
 13952 | D:10     | Reached skill level 10 in Dodging
 14612 | D:11     | Noticed Fannar
 14643 | D:11     | Found a portal to a secret trove of treasure.
 14674 | D:11     | Noticed Urug
 14687 | D:11     | Killed Urug
 14688 | D:11     | Reached skill level 1 in Shields
 14697 | D:11     | Reached **** piety under Lugonu
 14702 | D:11     | Reached XP level 12. HP: 92/92 MP: 18/18
 14766 | D:11     | Reached skill level 5 in Evocations
 14782 | D:11     | Found a frozen archway.
 14802 | IceCv    | Entered an ice cave
 14822 | IceCv    | Reached skill level 11 in Polearms
 15180 | IceCv    | Noticed a frost giant
 15257 | IceCv    | Killed a frost giant
 15258 | IceCv    | Reached skill level 5 in Armour
 15393 | IceCv    | Identified the +8 great sword "Patwei" {vorpal, Str+8
                  | Dex+2}
 15395 | IceCv    | Identified the +7 battleaxe of the Glowing Butterfly {vamp,
                  | *Noise rElec rCorr}
 16030 | D:11     | Reached skill level 5 in Summonings
 16036 | D:11     | Noticed Grum
 16045 | D:11     | Killed Grum
 16087 | D:11     | Noticed a two-headed ogre
 16119 | D:11     | Killed a two-headed ogre
 16276 | D:11     | Reached XP level 13. HP: 72/101 MP: 15/19
 16305 | D:11     | Got Sif Muna's Catalogue of Plaster Cramp
 16313 | D:11     | Got Cor Yje's Compendium of Axaxaxas mlö
 16357 | D:11     | Got the Tome of Combed Thunderclap
 16579 | D:11     | Killed Fannar
 16580 | D:11     | Reached skill level 12 in Polearms
 16614 | D:11     | Reached ***** piety under Lugonu
 17413 | D:12     | Noticed Erolcha
 17747 | D:12     | Killed Erolcha
 18709 | Lair:1   | Entered Level 1 of the Lair of Beasts
 20059 | Lair:2   | Noticed Sonja
 20092 | Lair:2   | Killed Sonja
 20182 | Lair:2   | Found a shimmering altar of Xom.
 20392 | Lair:2   | Reached skill level 10 in Fighting
 20535 | Lair:2   | Found a staircase to the Shoals.
 20594 | Lair:2   | Reached XP level 14. HP: 106/110 MP: 20/20
 20606 | Lair:2   | Reached skill level 13 in Polearms
 22320 | Lair:3   | Identified the +2 leather armour of Fashionability {rElec
                  | rPois Will+++ MP-9}
 22580 | Lair:3   | Noticed Nergalle
 22590 | Lair:3   | Killed Nergalle
 23829 | Lair:4   | Reached ****** piety under Lugonu
 23989 | Lair:4   | Reached skill level 14 in Polearms
 24059 | Lair:4   | Reached XP level 15. HP: 119/119 MP: 21/21
 24244 | Lair:4   | Found a staircase to the Snake Pit.
 24787 | Lair:4   | Identified a +8 demon trident of distortion (a +6 demon
                  | trident of electrocution corrupted by Lugonu)
 24787 | Lair:4   | Received a gift from Lugonu
 24864 | Lair:5   | Found a gate leading to a gauntlet.
 24950 | Gauntlet | Entered a Gauntlet
 24950 | Gauntlet | Found a transporter.
 24950 | Gauntlet | Found a transporter.
 24959 | Gauntlet | Found a transporter.
 25010 | Gauntlet | Found a transporter.
 25010 | Gauntlet | Found a large runed translucent door.
 25011 | Gauntlet | Found a large runed translucent door.
 25012 | Gauntlet | Found a large runed translucent door.
 25012 | Gauntlet | Found a large runed translucent door.
 25012 | Gauntlet | Found a runed translucent door.
 25013 | Gauntlet | Found a large runed translucent door.
 25019 | Gauntlet | Found a large runed translucent door.
 25020 | Gauntlet | Found a large runed translucent door.
 25021 | Gauntlet | Found a large runed translucent door.
 25022 | Gauntlet | Found a runed translucent gate.
 25023 | Gauntlet | Found a transporter.
 25023 | Gauntlet | Found a runed translucent gate.
 25024 | Gauntlet | Found a runed translucent door.
 25024 | Gauntlet | Found a runed translucent gate.
 25024 | Gauntlet | Found a transporter.
 25033 | Gauntlet | Found a large runed translucent door.
 25033 | Gauntlet | Found a large runed translucent door.
 25034 | Gauntlet | Found a large runed translucent door.
 25035 | Gauntlet | Found a large runed translucent door.
 25054 | Gauntlet | Found a transporter.
 25059 | Gauntlet | Found a transporter.
 25065 | Gauntlet | Found a transporter.
 25123 | Gauntlet | Found a large runed translucent door.
 25123 | Gauntlet | Found a large runed translucent door.
 25124 | Gauntlet | Found a large runed translucent door.
 25125 | Gauntlet | Found a large runed translucent door.
 25182 | Gauntlet | Found a transporter.
 25188 | Gauntlet | Found a transporter.
 25192 | Gauntlet | Found a transporter.
 25454 | Gauntlet | HP: 5/114 [death scarab[a boggart] (11)]
 25454 | Gauntlet | HP: 1/114 [death scarab[a boggart] (4)]
 25464 | Gauntlet | HP: 5/114 [death scarab[a boggart] (9)]
 25465 | Gauntlet | Demolished by a death scarab

Illustrated notes

Levels and vault maps discovered:
D:1:      tarquinn_simple_flora_water_f, layout_basic
D:2:      layout_rooms, basic_ecumenical_altar
D:3:      layout_loops_ring, serial_shops, nicolae_shop_trees,
          nicolae_shop_statue_plus, nicolae_shop_stone, gammafunk_ghost_grave,
          kennysheep_doodads
D:4:      layout_basic, bloody_makhleb, minmay_temple_entry_junction,
          gammafunk_ghost_arena, serial_shops,
          nicolae_shop_competitors_out_of_business, st_stairs_14
D:5:      layout_gridville
D:6:      layout_basic
D:7:      layout_layer_cave, nicolae_overflow_quartered_altars,
          gammafunk_temple_overflow_pools, enter_bailey_6, serial_shops,
          nicolae_square_shop, minmay_the_grid_2x2 [minmay_the_grid_slots,
          minmay_the_grid_spikes, minmay_the_grid_plusring,
          minmay_the_grid_prize_big_room], uniq_prince_ribbit1, uniq_duvessa,
          uniq_crazy_yiuf_cottage
D:8:      layout_loops_corners, serial_shops, nicolae_lakefront_shop,
          serial_bayou_pond_b, uniq_harold
D:9:      layout_cave_pods, nicolae_overflow_hidden_temple, david_lair_generic,
          minmay_orc_entry_guard_dogs
D:10:     layout_layer_cave, grunt_temple_overflow_diamond,
          amcnicky_altar_gilded, minmay_misc_feat_roman, minmay_misc_feat_rows
D:11:     layout_loops_corners, enter_trove_2, portal_ice_cave_entry_ice_beasts,
          bh_hangedman_babel_library, uniq_grum, uniq_urug, uniq_fannar
D:12:     layout_basic, uniq_erolcha
D:13:     layout_layer_cave, pond
Lair:1:   layout_cave_pods, nicolae_quartered_pool_super, st_stairs_12
Lair:2:   nzn_winding_woodlands_large [nzn_winding_woodlands_5x5_default,
          nzn_winding_woodlands_5x15_pathside_ponds,
          nzn_winding_woodlands_5x5_closed_star,
          nzn_winding_woodlands_center_triple_pond,
          nzn_winding_woodlands_15x15_eel_pit,
          nzn_winding_woodlands_center_garden, nzn_winding_woodlands_5x5_cross,
          nzn_winding_woodlands_5x15_default, nzn_winding_woodlands_5x5_three],
          layout_long_grid, elwin_shoals_entry_stream, lemuel_centaur_altar,
          uniq_sonja
Lair:3:   layout_long_grid, minivault_24, serial_bayou_pond_d,
          lemuel_fruit_tree, grunt_megastairs_2, serial_bayou_shore_a,
          serial_bayou_shore_b, uniq_nergalle
Lair:4:   layout_gridlike, dummy_snake_entry, grunt_forest_large_clearings
Lair:5:   layout_regular_city, slime_altar_1, gauntlet_entry_generic,
          wad_woods_01, uniq_nessos
Orc:1:    layout_caves, basic_altar, serial_shops, nicolae_diamond_shop,
          uniq_erica
Gauntlet: gammafunk_gauntlet_shortcut [gammafunk_gauntlet_arena_grid,
          minmay_gauntlet_arena_make_your_own_arena,
          gammafunk_gauntlet_arena_split_x, nicolae_gauntlet_arena_x,
          gammafunk_gauntlet_arena_hedges, gammafunk_gauntlet_arena_spirals,
          gauntlet_exit_green]

Skill      XL: |  1  2  3  4  5  6  7  8  9 10 11 12 13 14 15 |
---------------+----------------------------------------------+-----
Stealth        | 1 2 3 4 |  4.4
Polearms       | 5 6 7 8 9 10 11 12 14 | 14.0
Fighting       | 3 4 5 6 7 8 9 10 11 | 11.8
Dodging        | 5 6 7 8 9 10 11 12 13 | 13.4
Invocations    | 1 2 3 4 5 6 7 9 |  9.3
Summonings     | 1 2 3 5 6 7 8 |  8.2
Spellcasting   | 1 2 3 4 |  4.0
Armour         | 1 2 3 4 5 6 7 |  7.2
Throwing       | 3 4 5 6 7 8 9 |  9.7
Hexes          | 1 3 4 |  4.5
Evocations     | 1 3 4 5 |  5.0
Shields        | 1 3 4 |  4.0

Action                   |  1- 3 |  4- 6 |  7- 9 | 10-12 | 13-15 || total
-------------------------+-------+-------+-------+-------+-------++-------
Melee: Trident           |   157 |   155 |   295 |       |       ||   607
       Tailslap          |     1 |       |     2 |     4 |    21 ||    28
       Halberd           |       |       |    73 |   213 |    46 ||   332
       Demon trident     |       |       |       |   403 |   765 ||  1168
Throw: Throwing net      |       |     1 |     2 |     3 |       ||     6
       Boomerang         |       |       |    43 |    89 |   168 ||   300
       Javelin           |       |       |       |     8 |     8 ||    16
 Cast: Summon Small Mamm |       |       |    19 |   104 |   109 ||   232
       Tukima's Dance    |       |       |     1 |     9 |     2 ||    12
Invok: Bend Space        |       |       |     2 |     1 |     6 ||     9
       Banish            |       |       |       |     1 |       ||     1
       Brand Weapon With |       |       |       |       |     1 ||     1
 Abil: Evoke Invisibilit |       |       |     1 |     1 |     2 ||     4
       Evoke Blink       |       |       |     1 |     1 |       ||     2
Evoke: Wand              |       |       |       |       |     4 ||     4
  Use: Scroll            |       |     1 |    18 |    11 |    14 ||    44
       Potion            |       |       |       |     2 |     5 ||     7
 Stab: Sleeping          |     5 |     8 |     3 |     4 |    14 ||    34
       Distracted        |       |     1 |     2 |     2 |     6 ||    11
       Held in net/web   |       |       |     2 |     6 |       ||     8
       Invisible         |       |       |       |     4 |     1 ||     5
Armor: Leather armour    |    56 |    26 |    19 |       |       ||   101
       Ring mail         |       |       |    22 |    10 |    70 ||   102
       Acid dragon scale |       |       |       |   156 |   112 ||   268
Dodge: Dodged            |   116 |    80 |   169 |   407 |   452 ||  1224
Block: Other             |       |       |    17 |    94 |    97 ||   208
       Reflection        |       |       |     3 |     5 |     7 ||    15
       Buckler           |       |       |       |    62 |   102 ||   164

Table legend: (Time is in decaauts)
 A = Elapsed time spent in this place.
 B = Non-inter-level travel time spent in this place.
 C = Inter-level travel time spent in this place.
 D = Time resting spent in this place.
 E = Time spent auto-exploring this place.
 F = Levels seen in this place.
 G = Mean time per level.
                   A        B        C        D        E       F      G
               +--------+--------+--------+--------+--------+-----+--------+
         Total |  24909 |  23097 |   1812 |   3063 |   8249 |  22 | 1132.2 |
       Dungeon |  16536 |  15037 |   1499 |   2505 |   6103 |  13 | 1272.0 |
          Lair |   5925 |   5613 |    312 |    326 |   2007 |   5 | 1185.0 |
  Orcish Mines |      1 |      1 |      0 |      0 |      0 |   1 |    1.0 |
        Bailey |    922 |    922 |      0 |    177 |      0 |   1 |  922.0 |
      Ice Cave |   1005 |   1005 |      0 |     54 |    138 |   1 | 1005.0 |
      Gauntlet |    517 |    517 |      0 |      0 |      0 |   1 |  517.0 |
               +--------+--------+--------+--------+--------+-----+--------+

Top non-repeatable levels by time:
     D:6: 2329 daAuts
  Lair:2: 2096 daAuts
     D:5: 1743 daAuts
     D:4: 1641 daAuts
  Lair:4: 1544 daAuts
    D:10: 1494 daAuts
     D:1: 1453 daAuts
    D:11: 1303 daAuts
  Lair:1: 1266 daAuts
     D:8: 1253 daAuts
     D:9: 1245 daAuts
     D:7: 1226 daAuts
    D:12: 1144 daAuts
   IceCv: 1005 daAuts
  Lair:3: 965 daAuts
